 Dungeon Crawl Stone Soup version 0.19.0-23-gf02e663 (webtiles) character file.

204 RKaid the Chopper (level 5, -1/45 HPs)
             Began as a Minotaur Berserker on Nov 19, 2016.
             Was a Believer of Trog.
             Slain by an orc wizard
             ... wielding a +0 dagger
              (6 damage)
             ... on level 4 of the Dungeon.
             The game lasted 00:04:42 (2502 turns).

RKaid the Chopper (Minotaur Berserker)              Turns: 2502, Time: 00:04:42

Health: -1/45      AC:  2    Str: 22    XL:     5   Next: 52%
Magic:  4/4        EV: 12    Int:  4    God:    Trog [**....]
Gold:   162        SH:  0    Dex: 10    Spells: 0 memorised, 4 levels left

rFire  . . .     SeeInvis .     a - +2 hand axe (chop)
rCold  . . .     Gourm    .     v - +0 animal skin
rNeg   . . .     Faith    .     (no shield)
rPois  .         Spirit   .     (helmet restricted)
rElec  .         Reflect  .     (no cloak)
rCorr  .         Harm     .     (no gloves)
MR     .....                    (no boots)
Stlth  +.........               (no amulet)
                                (no ring)
                                (no ring)

@: exhausted, slowed, very slow
A: retaliatory headbutt, horns 2
a: Berserk, Trog's Hand, Burn Spellbooks, Renounce Religion


You were on level 4 of the Dungeon.
You worshipped Trog.
Trog was pleased with you.
You were hungry.

You visited 1 branch of the dungeon, and saw 4 of its levels.

You collected 162 gold pieces.

Inventory:

Hand Weapons
 a - a +2 hand axe of chopping (weapon)
   (You took it off an orc on level 3 of the Dungeon)
 b - a +0 war axe
   (You took it off an orc on level 3 of the Dungeon)
 y - a +0 hand axe
Armour
 v - a +0 animal skin (worn)
Jewellery
 q - an uncursed amulet of the gourmand {unknown}
   (You found it on level 2 of the Dungeon)
 t - a cursed ring of teleportation {unknown}
   (You found it on level 2 of the Dungeon)
Scrolls
 d - a scroll of immolation {unknown}
 e - 3 scrolls of teleportation {unknown}
 j - 3 scrolls of enchant weapon {unknown}
 l - a scroll of blinking {unknown}
 n - a scroll of recharging {unknown}
 p - a scroll of enchant armour {unknown}
Potions
 h - 2 potions of degeneration {unknown}
 i - 2 potions of flight {unknown}
 k - 2 potions of curing {unknown}
 m - a potion of resistance {unknown}
 o - a potion of haste {unknown}
 r - a potion of mutation {unknown}
 u - 2 potions of might {unknown}
 w - a potion of heal wounds {unknown}
 z - 2 potions of agility {unknown}
 A - a potion of ambrosia {unknown}
Comestibles
 c - 6 bread rations
 f - 4 chunks of flesh
 g - a meat ration
 s - 2 slices of pizza


   Skills:
 - Level 3.6 Fighting
 + Level 7.6 Axes
 - Level 2.4 Armour
 - Level 2.1 Dodging


You had 4 spell levels left.
You didn't know any spells.

Dungeon Overview and Level Annotations

Branches:
Dungeon (4/15)
 Temple: D:4-7

Altars:
Elyvilon
Hepliaklqana
Nemelex Xobeh


Innate Abilities, Weirdness & Mutations

You reflexively headbutt those who attack you in melee.
You have a pair of horns on your head.


Message History

An orc and an orc wizard come into view.
You closely miss the orc.
The orc shouts!
The orc hits you but does no damage.
You closely miss the orc.
The orc wizard shouts!
The orc shouts!
You headbutt the orc.
You kill the orc!
Trog accepts your kill.
The orc priest mumbles some strange prayers to Beogh against you.
Beogh smites you!
The orc wizard gestures wildly while chanting.
The orc wizard blinks!
Found a stone staircase leading up.
You see here a club.
You hit the orc priest but do no damage.
You headbutt the orc priest, but do no damage.
You barely miss the orc priest. Your headbutt misses the orc priest.
You closely miss the orc. You hit the orc wizard.
The orc hits you with a flail. The orc wizard barely misses you.
The orc priest hits you with a club.
You hit the orc wizard. You hit the orc. x2
You hit the orc priest but do no damage.
The orc barely misses you.
The orc wizard hits you but does no damage.
The orc priest closely misses you. The orc hits you with a hand axe!
You are too injured to fight recklessly!
You are too injured to fight recklessly!
You are too injured to fight recklessly!
A red film seems to cover your vision as you go berserk!
You feel yourself moving faster!
You feel mighty!
You are feeling hungry.
The orc wizard gestures wildly while chanting.
The orc wizard blinks!
The orc barely misses you. The orc priest completely misses you.
The orc barely misses you.
You hit the orc priest. You slash the orc!
You kill the orc!
Trog accepts your kill.
You slash the orc!
You kill the orc!
Trog accepts your kill.
The orc wizard gestures at you while chanting.
You resist with some effort.
You slash the orc priest!
You kill the orc priest!
Trog accepts your kill. The orc wizard casts a spell at you.
The magic dart hits you!
Things that are here:
a club; a leather armour You feel a strong urge to attack something.
You see here a flail.
You are no longer berserk.
You pass out from exhaustion.
You feel yourself slow down.
You can move again.
Things that are here:
a hand axe; a scale mail You see here a club.
The orc wizard gestures wildly while chanting.
The orc wizard blinks!
The frilled lizard hisses angrily.
The orc wizard gestures at you while chanting.
You feel as though you will be slow longer.
The orc wizard gestures wildly while chanting.
The orc wizard blinks!
The orc wizard gestures wildly while chanting.
The orc wizard blinks!
The frilled lizard bites you.
The orc wizard mumbles some strange words.
The orc wizard blinks!
You see here a club.
The frilled lizard misses you.
Things that are here:
a hand axe; a scale mail You slash the frilled lizard!
You kill the frilled lizard!
Trog accepts your kill.
There isn't anything to butcher here.
Things that are here:
a club; a leather armour There isn't anything to butcher here.
There isn't anything to butcher here.
The orc wizard casts a spell at you. The magic dart hits you!
You see here a club.
There isn't anything to butcher here.
There isn't anything to butcher here.
Things that are here:
a hand axe; a scale mail There isn't anything to butcher here.
The orc wizard hits you with a dagger. x2
* * * LOW HITPOINT WARNING * * *
There is a stone staircase leading up here.
You barely miss the orc wizard. The orc wizard closely misses you.
You completely miss the orc wizard. Your headbutt misses the orc wizard.
The orc wizard gestures at you while chanting.
The magic dart hits you!
* * * LOW HITPOINT WARNING * * *
The orc wizard hits you with a dagger.
You die...

#...........##
..###.!.......###
..............###
..####..........## # ..
##.....#...รท..### #.
...#..))######.....####..
......#))# ###.....#...
.........## ##......#
.........@# ##....##
.....#..o....# ##..##
.....##.....## ##..# ....
#..##...# ##...# ...
..... #...####...##
....###.. #..........## .
#. .......#...###
....#####..... ....
##....


You could see an orc wizard.

Vanquished Creatures
  An ogre (D:4)
  An orc priest (D:4)
  2 adders
  An ooze (D:2)
  2 worms
  3 dart slugs
  A leopard gecko (D:4)
  6 orcs
  2 ball pythons (D:2)
  4 giant cockroaches
  2 hobgoblins (D:2)
  3 jackals (D:3)
  4 bats
  9 frilled lizards
  4 goblins
  2 kobolds
  7 rats
54 creatures vanquished.

Notes
Turn   | Place    | Note
-------+----------+-------------------------------------------
     0 | D:1      | RKaid the Minotaur Berserker began the quest for the Orb.
     0 | D:1      | Reached XP level 1. HP: 19/19 MP: 0/0
    60 | D:1      | Reached skill level 4 in Axes
   318 | D:1      | Reached XP level 2. HP: 26/26 MP: 1/1
   808 | D:2      | Found a faded altar of an unknown god.
   830 | D:2      | Reached ** piety under Trog
   847 | D:2      | Reached skill level 5 in Axes
   872 | D:2      | Reached XP level 3. HP: 21/31 MP: 2/2
  1145 | D:2      | Found a hazy altar of Hepliaklqana.
  1362 | D:2      | Found a sparkling altar of Nemelex Xobeh.
  1500 | D:3      | HP: 8/46 [orc/whip (6)]
  1774 | D:3      | Reached XP level 4. HP: 33/39 MP: 3/3
  1847 | D:3      | Reached skill level 6 in Axes
  2059 | D:3      | Found a white marble altar of Elyvilon.
  2419 | D:4      | Noticed an ogre
  2424 | D:4      | Killed an ogre
  2424 | D:4      | Reached skill level 7 in Axes
  2424 | D:4      | Reached XP level 5. HP: 45/45 MP: 4/4
  2502 | D:4      | HP: 5/45 [orc wizard/magic dart (8)]
  2502 | D:4      | Slain by an orc wizard

Skill      XL: |  1  2  3  4 |
---------------+-------------+-----
Axes           | 4 5 7 |  7.6
Fighting       | |  3.6
Armour         | |  2.4
Dodging        | |  2.1

Action                   |  1- 3 |  4- 6 || total
-------------------------+-------+-------++-------
Melee: Hand axe          |    72 |    19 ||    91
       Headbutt          |     7 |     4 ||    11
       War axe           |     4 |     9 ||    13
Invok: Berserk           |     1 |     1 ||     2
  Eat: Chunk             |     3 |     1 ||     4
       Royal jelly       |       |     1 ||     1
Armor: Animal skin       |     9 |     1 ||    10
Dodge: Dodged            |    49 |    23 ||    72

Vault maps used:
D:1:      lightli_arrival_farm
D:2:      nicolae_overflow_hidden_temple, first_bread, ecumenical_altar_1,
          minmay_item_behind_shaft, st_stairs_10, nemelex_altar_shiori
D:3:      lemuel_coloured_pillars_altar, serial_park_tiny_1
D:4:      nicolae_tso_swordbearing_angel, marbit_many_paths

Table legend:
 A = Turns spent in this place as a percentage of turns spent in the entire game.
 B = Non-inter-level travel turns spent in this place as a percentage of non-inter-level travel turns spent in the entire game.
 C = Inter-level travel turns spent in this place as a percentage of turns spent in this place.
 D = Turns resting spent in this place as a percentage of non-inter-level travel turns spent in this place.
 E = Turns spent auto-exploring this place as a percentage of non-inter-level travel turns spent in this place.
 F = Non-inter-level travel turns spent in this place divided by the number of levels of this place that you've seen.
                   A       B       C       D       E      F
               +-------+-------+-------+-------+-------+----------------------
         Total | 100.0 | 100.0 |   0.7 |   2.7 |  13.8 | 140.0
       Dungeon | 100.0 | 100.0 |   0.7 |   2.7 |  13.8 | 140.0
               +-------+-------+-------+-------+-------+----------------------

Table legend:
 A = Kills in this place as a percentage of kills in entire the game.
 B = Kills by you in this place as a percentage of kills by you in the entire game.
 C = Kills by friends in this place as a percentage of kills by friends in the entire game.
 D = Other kills in this place as a percentage of other kills in the entire game.
 E = Experience gained in this place as a percentage of experience gained in the entire game.
 F = Experience gained in this place divided by the number of levels of this place that you have seen.
                   A       B       C       D       E      F
               +-------+-------+-------+-------+-------+----------------------
         Total | 100.0 | 100.0 |  -nan |  -nan | 100.0 |  73.0
       Dungeon | 100.0 | 100.0 |  -nan |  -nan | 100.0 |  73.0
               +-------+-------+-------+-------+-------+----------------------
